 Dungeon Crawl Stone Soup version 0.21.2-1-g0862bd23eb (webtiles) character file.

150329 MordorOrchid the Thaumaturge (level 17, -15/131 HPs)
             Began as a Gnoll Earth Elementalist on Sept 17, 2019.
             Was an Elder of Ashenzari.
             Shot with an arrow by a deep elf master archer (38 damage)
             ... on level 3 of the Elven Halls on Sept 20, 2019.
             The game lasted 03:51:30 (18196 turns).

MordorOrchid the Thaumaturge (GnEE)                Turns: 18196, Time: 03:51:31

Health: -15/131    AC: 11    Str: 10    XL:     17   Next: 53%
Magic:  4/42       EV: 23    Int: 27    God:    Ashenzari [****..]
Gold:   931        SH: 16    Dex: 17    Spells: 2/40 levels left

rFire    + . .     SeeInvis +   b - +3 blowgun
rCold    + . .     Gourm    .   p - +0 shield {rC+}
rNeg     . . .     Faith    .   i - +0 swamp dragon scales
rPois    +         Spirit   .   A - +0 hat {MR+} (curse)
rElec    .         Reflect  +   H - +2 cloak "Rah Teag" {MP+9 Int+3} (curse)
rCorr    .         Harm     .   (no gloves)
MR       ++...     Clarity  +   V - +0 pair of boots
Stlth    +++++.....             M - +4 amulet of reflection
HPRegen  1.31/turn              g - ring of protection from fire
MPRegen  0.28/turn              t - +6 ring of evasion

@: corroded, regenerating
A: distributed training, fangs 1, strong nose
a: Curse Item, Scrying, Renounce Religion


You were on level 3 of the Elven Halls.
You worshipped Ashenzari.
Ashenzari was greatly pleased with you.
You were hungry.

You visited 5 branches of the dungeon, and saw 21 of its levels.
You also visited: Ice Cave and Volcano.

You collected 3500 gold pieces.
You spent 2569 gold pieces at shops.

Inventory:

Hand Weapons
 b - a +3 blowgun (weapon)
 j - a +1 hunting sling of freezing
 n - a +5 long sword of holy wrath
 y - the +4 arc blade {discharge, rElec}
   (You took it off a deep elf sorcerer on level 3 of the Elven Halls)

   It insulates you from electricity.
 I - the +6 mace of Ziete {chaos, Str+4 Int+4}
   (You bought it in a shop on level 1 of the Orcish Mines)

   Each time it hits an enemy it has a different, random effect.
   It affects your strength (+4).
   It affects your intelligence (+4).
 N - a +3 rapier of draining
 W - the +4 great mace of Doxtunlu {crush, *Corrode rElec rF+++ MR+}
   (You found it in an ice cave)

   It inflicts extra damage upon your enemies.
   It renders you almost immune to fire.
   It insulates you from electricity.
   It affects your resistance to hostile enchantments.
   It may corrode you when you take damage.
Missiles
 a - 113 sling bullets
 o - 53 tomahawks
 w - 4 curare-tipped needles (quivered)
 L - 75 stones
 S - a throwing net
Armour
 i - +0 swamp dragon scales (worn)
 p - a +0 shield of cold resistance (worn)
 A - a cursed +0 hat of magic resistance (worn)
 H - the cursed +2 cloak "Rah Teag" (worn) {MP+9 Int+3}
   (You found it on level 4 of the Dungeon)

   It affects your intelligence (+3).
   It affects your magic capacity (+9).
   It has a curse placed upon it.
 V - a +0 pair of boots (worn)
Magical Staves
 P - an uncursed staff of power
Jewellery
 c - the ring of the Mage {Wiz MR++ Int+3}
   (You took it off a deep elf demonologist on level 3 of the Elven Halls)

   [ring of wizardry]

   It improves your spell success rate.
   It affects your intelligence (+3).
   It affects your resistance to hostile enchantments.
 g - a ring of protection from fire (left hand)
 q - an uncursed ring of ice
 t - a +6 ring of evasion (right hand)
 J - the ring "Wasol" {MP+9 Str+4}
   (You took it off a deep elf annihilator on level 3 of the Elven Halls)

   [ring of magical power]

   It affects your strength (+4).
   It affects your magic capacity (+9).
 M - a +4 amulet of reflection (around neck)
Wands
 e - a wand of digging (17)
 z - a wand of paralysis (20)
 F - a wand of enslavement (6)
Scrolls
 h - 5 scrolls of remove curse
 l - 4 scrolls of blinking
 r - 2 scrolls of fear
 s - 2 scrolls of summoning
 u - 3 scrolls of amnesia
 B - a scroll of fog
 C - 17 scrolls of teleportation
 E - 4 scrolls of identify
 Q - 2 scrolls of enchant weapon
 R - a scroll of magic mapping
Potions
 f - 4 potions of curing
 k - 3 potions of might
 m - 2 potions of agility
 D - 4 potions of berserk rage
 G - a potion of brilliance
 K - 3 potions of lignification
 O - a potion of haste
 T - 3 potions of resistance
Books
 x - a book of Minor Magic

   Spells                             Type                      Level
   a - Magic Dart                     Conjuration                  1
   b - Blink                          Translocation                2
   c - Call Imp                       Summoning                    2
   d - Slow                           Hexes                        2
   e - Conjure Flame                  Conjuration/Fire             3
   f - Mephitic Cloud                 Conjuration/Poison/Air       3
 Z - a book of Callings

   Spells                             Type                      Level
   a - Summon Small Mammal            Summoning                    1
   b - Call Imp                       Summoning                    2
   c - Call Canine Familiar           Summoning                    3
   d - Summon Guardian Golem          Hexes/Summoning              3
   e - Summon Lightning Spire         Summoning/Air                4
   f - Summon Ice Beast               Ice/Summoning                4
Comestibles
 d - 37 rations
 v - 2 chunks of flesh


   Skills:
 + Level 11.4 Fighting
 + Level 11.4 Short Blades
 + Level 11.4 Long Blades
 + Level 11.4 Axes
 + Level 11.4 Maces & Flails
 + Level 11.4 Polearms
 + Level 11.4 Staves
 + Level 11.4 Slings
 + Level 11.4 Bows
 + Level 11.4 Crossbows
 + Level 11.4 Throwing
 + Level 11.4 Armour
 + Level 12.2 Dodging
 + Level 12.0 Stealth
 + Level 11.4 Shields
 + Level 11.4 Unarmed Combat
 + Level 12.3 Spellcasting
 + Level 9.7 Conjurations
 + Level 9.7 Hexes
 + Level 9.7 Charms
 + Level 9.7 Summonings
 + Level 9.7 Necromancy
 + Level 9.7 Translocations
 + Level 10.0 Transmutations
 + Level 9.7 Fire Magic
 + Level 9.7 Ice Magic
 + Level 9.7 Air Magic
 + Level 11.0 Earth Magic
 + Level 9.7 Poison Magic
 + Level 12.3 Invocations
 + Level 11.4 Evocations


You had 2 spell levels left.
You knew the following spells:

 Your Spells              Type           Power        Failure   Level  Hunger
a - Sandblast             Erth           ######       1%          1    None
c - Summon Mana Viper     Hex/Summ       ######..     5%          5    ###....
d - Petrify               Tmut/Erth      ######..     1%          4    None
e - Borgnjor's Vile Clut  Necr/Erth      ######....   4%          5    ###....
f - Stone Arrow           Conj/Erth      ######       1%          3    None
j - Summon Lightning Spi  Summ/Air       ######..     1%          4    None
k - Regeneration          Chrm/Necr      ######....   1%          3    None
s - Summon Ice Beast      Ice/Summ       ######..     1%          4    None
v - Lee's Rapid Deconstr  Erth           ######....   3%          5    ###....
w - Passwall              Tmut/Erth      ######....   1%          2    None
y - Shroud of Golubria    Chrm/Tloc      ######....   1%          2    None


Dungeon Overview and Level Annotations

Branches:
Dungeon (9/15)             Temple (1/1) D:5            Lair (6/6) D:8
 Shoals (0/4) Lair:4        Snake (0/4) Lair:2        Slime (0/5) Lair:5
    Orc (2/2) D:9             Elf (3/3) Orc:2

Altars:
Ashenzari
Cheibriados
Elyvilon
Hepliaklqana
Okawaru
Ru
Sif Muna
Trog
Uskayaw
Vehumet
The Shining One

Shops:
D:5 *?*   Orc:1 (   Orc:2 :[:%   Elf:2 =


Innate Abilities, Weirdness & Mutations

Your experience applies equally to all skills.
You have very sharp teeth.
Your uncanny sense of smell can sniff out nearby items.


Message History

Things that are here:
an arrow; an uncursed rapier; an uncursed leather armour Wield which item (- for none, * to show all)? (? for menu, Esc to quit)
The arc blade stops crackling.
b - a +3 blowgun (weapon)
The deep elf master archer shoots an arrow.
The arrow completely misses you.
Unknown command.
Firing (i - inventory. (,) - cycle):
w - 5 curare-tipped needles (quivered)
Press: ? - help, Shift-Dir - straight line, f - deep elf master archer
Aim: a deep elf master archer, wielding a longbow, wearing a chain mail of fire resistance and quivering 17 arrows (lightly wounded)
You shoot a curare-tipped needle.
The curare-tipped needle hits the deep elf master archer.
The deep elf master archer is poisoned.
The deep elf master archer convulses.
The deep elf master archer seems to slow down.
The deep elf master archer is moderately wounded.
You feel better.
The deep elf master archer shoots an arrow.
The arrow hits you!!!
You die...

* ............# * * * *
............# *, ,, **, , **
............##*,, , ,* ,,
##...............## ,, * ,
,#.......###......(# , ,*
#......#* ##.)....# ,
#.....#* ##)....#* ,, *
,#.....# #.....# * ,
#.....## ##@....# , ,
∆∆,#......## ##e(....# ∆
∆,,#.......###.......#∆ ,**
∆∆∆##...............## ∆∆ *
* ∆∆##...).........##, **
∆∆#.............#∆∆ *
###.........###*
##.......#####
############)######.########


You could see a deep elf master archer.

Vanquished Creatures
  Rupert (Lair:6)
  The ghost of TheNamelessOne the Impaler, an adept DsFi of Wu Jian (Elf:3)
  3 deep elf blademasters (Elf:3)
  A deep elf master archer (Elf:3)
  A frost giant (IceCv)
  9 deep elf sorcerers
  5 deep elf elementalists (Elf:3)
  A stone giant (Orc:2)
  4 deep elf demonologists (Elf:3)
  3 deep elf annihilators
  The ghost of dscm the Covert, a journeyman OpNe of Uskayaw (Lair:6)
  4 deep elf death magi
  3 deep elf high priests (Elf:3)
  2 fire dragons (Lair:6)
  A centaur warrior (Volcano)
  2 hydras
  2 two-headed ogres
  17 dancing weapons
  The ghost of malin the Martial Artist, a novice HuMo of Wu Jian (D:8)
  A hell knight (Volcano)
  18 deep elf knights
  14 deep elf archers
  A swamp dragon (Lair:6)
  2 orc knights
  A lindwurm (Lair:6)
  2 orc sorcerers
  38 deep elf magi
  4 oklob plants
  2 black mambas
  5 elephants
  2 molten gargoyles (Volcano)
  An ice statue (IceCv)
  Psyche (D:8)
  6 torpor snails (Lair:6)
  6 spiny frogs
  2 rime drakes
  A yaktaur (Volcano)
  2 ice devils (Lair:5)
  7 komodo dragons
  4 tyrant leeches (Lair:6)
  3 meliai (Lair:6)
  2 trolls (Orc:2)
  15 polar bears
  A queen bee (Lair:6)
  8 hornets (Lair:6)
  4 blink frogs
  7 hippogriffs
  A fire elemental (Elf:1)
  Sigmund (D:6)
  A water elemental (Elf:3)
  2 humans (D:8)
  2 wyverns
  79 yaks
  6 basilisks
  4 fire bats
  A hungry ghost (D:7)
  A steam dragon (Lair:6)
  A warg (Orc:1)
  An acid dragon (shapeshifter) (Elf:1)
  4 nagas (Lair:2)
  8 water moccasins
  11 porcupines
  3 swamp drakes (Lair:6)
  30 orc warriors
  4 black bears
  An ice beast (D:7)
  8 ogres
  20 wolves
  12 crocodiles
  8 centaurs
  A tengu (Lair:3)
  3 big kobolds
  11 bullfrogs
  3 scorpions
  4 wights (D:7)
  21 killer bees (Lair:6)
  A howler monkey (D:4)
  A crimson imp (D:9)
  4 hounds
  A jelly (D:6)
  11 orc priests
  7 orc wizards
  An iguana (D:9)
  4 worker ants
  3 hound skeletons
  2 worker ant zombies
  4 gnolls
  A howler monkey skeleton (D:8)
  6 adders
  An adder skeleton (D:6)
  An adder zombie (D:5)
  2 worms (D:2)
  3 dart slugs
  2 leopard geckos
  48 orcs
  A ball python (D:2)
  6 giant cockroaches
  10 goblins
  17 hobgoblins
  12 jackals
  24 kobolds
  2 quokkas
  8 bats
  6 frilled lizards
  A quokka skeleton (D:4)
  9 rats
  2 crawling corpses (Elf:3)
  A fire vortex (Lair:1)
  2 plants (Lair:6)
678 creatures vanquished.

Vanquished Creatures (collateral kills)
  3 deep elf sorcerers (Elf:3)
  2 deep elf elementalists (Elf:3)
  4 deep elf demonologists
  6 deep elf annihilators (Elf:3)
  A deep elf high priest (Elf:3)
  6 deep elf magi (Elf:3)
  A polar bear (IceCv)
  A porcupine (Lair:1)
  A spriggan (Lair:4)
  3 yaks
  A black bear (Lair:4)
  5 wolves
  A crawling corpse (Elf:3)
35 creatures vanquished.

Vanquished Creatures (others)
  Fannar (Orc:1)
  2 deep elf archers
  An orc knight (Orc:2)
  A water elemental (Elf:1)
  2 orc warriors (Orc:2)
  A swamp drake (Lair:6)
  3 wolves (Lair:1)
  4 centaurs
  2 orcs (Orc:2)
  A bush (Lair:5)
  22 fungi
  20 plants
60 creatures vanquished.

Grand Total: 773 creatures vanquished

Notes
Turn   | Place    | Note
-------+----------+-------------------------------------------
     0 | D:1      | MordorOrchid the Gnoll Earth Elementalist began the quest for the Orb.
     0 | D:1      | Reached XP level 1. HP: 13/13 MP: 6/6
   128 | D:1      | Reached XP level 2. HP: 19/19 MP: 7/7
   439 | D:2      | Reached XP level 3. HP: 25/25 MP: 9/9
   448 | D:2      | Learned a level 2 spell: Passwall
   452 | D:2      | Learned a level 3 spell: Stone Arrow
   459 | D:2      | Reached skill level 5 in Spellcasting
   622 | D:2      | Reached skill level 1 in Invocations
   724 | D:2      | Reached skill level 1 in Fighting
   724 | D:2      | Reached skill level 1 in Short Blades
   724 | D:2      | Reached skill level 1 in Long Blades
   724 | D:2      | Reached skill level 1 in Axes
   724 | D:2      | Reached skill level 1 in Maces & Flails
   724 | D:2      | Reached skill level 1 in Polearms
   724 | D:2      | Reached skill level 1 in Staves
   724 | D:2      | Reached skill level 1 in Slings
   724 | D:2      | Reached skill level 1 in Bows
   724 | D:2      | Reached skill level 1 in Crossbows
   724 | D:2      | Reached skill level 1 in Throwing
   724 | D:2      | Reached skill level 1 in Armour
   724 | D:2      | Reached skill level 1 in Shields
   724 | D:2      | Reached skill level 1 in Unarmed Combat
   724 | D:2      | Reached skill level 1 in Evocations
   724 | D:2      | Reached XP level 4. HP: 25/32 MP: 1/11
   788 | D:2      | HP: 1/32 [gnoll/spear (5)]
  1158 | D:2      | Found a faded altar of an unknown god.
  1295 | D:2      | Learned a level 4 spell: Petrify
  1372 | D:3      | Noticed a big kobold
  1380 | D:3      | Reached skill level 1 in Conjurations
  1380 | D:3      | Reached skill level 1 in Hexes
  1380 | D:3      | Reached skill level 1 in Charms
  1380 | D:3      | Reached skill level 1 in Summonings
  1380 | D:3      | Reached skill level 1 in Necromancy
  1380 | D:3      | Reached skill level 1 in Translocations
  1380 | D:3      | Reached skill level 1 in Fire Magic
  1380 | D:3      | Reached skill level 1 in Ice Magic
  1380 | D:3      | Reached skill level 1 in Air Magic
  1380 | D:3      | Reached skill level 1 in Poison Magic
  1534 | D:3      | Found a snail-covered altar of Cheibriados.
  1534 | D:3      | Found a glowing golden altar of the Shining One.
  1550 | D:3      | Reached XP level 5. HP: 28/37 MP: 1/12
  1664 | D:3      | Noticed a big kobold
  1771 | D:3      | Killed a big kobold
  1772 | D:3      | Reached XP level 6. HP: 32/44 MP: 4/13
  2099 | D:3      | Reached skill level 5 in Dodging
  2159 | D:3      | Learned a level 5 spell: Lee's Rapid Deconstruction
  2246 | D:4      | Reached XP level 7. HP: 50/50 MP: 5/15
  2427 | D:4      | Got a transparent cloak
  2433 | D:4      | Identified the +2 cloak "Rah Teag" {MP+9 Int+3} (You found it on level 4 of the Dungeon)
  2611 | D:5      | Entered Level 5 of the Dungeon
  2616 | D:5      | Found Vijaidgh's General Store.
  2622 | D:5      | Bought 19 stones for 24 gold pieces
  2622 | D:5      | Bought a potion of lignification for 39 gold pieces
  2622 | D:5      | Bought a scroll of enchant weapon for 97 gold pieces
  2687 | D:5      | Reached skill level 5 in Stealth
  2799 | D:5      | Found Paxoich's Magic Scroll Emporium.
  2806 | D:5      | Bought a scroll of identify for 20 gold pieces
  2806 | D:5      | Bought a scroll of identify for 20 gold pieces
  2806 | D:5      | Bought a scroll of teleportation for 30 gold pieces
  2806 | D:5      | Bought a scroll of teleportation for 30 gold pieces
  2806 | D:5      | Bought a scroll of teleportation for 30 gold pieces
  2962 | D:5      | Found a staircase to the Ecumenical Temple.
  2993 | Temple   | Entered the Ecumenical Temple
  2999 | Temple   | Became a worshipper of Ashenzari the Shackled
  3009 | D:5      | Found Hais's Assorted Antiques.
  3197 | D:6      | Reached XP level 8. HP: 46/57 MP: 16/16
  3210 | D:6      | Noticed a two-headed ogre
  3224 | D:6      | Killed a two-headed ogre
  3290 | D:6      | Reached XP level 9. HP: 65/65 MP: 9/18
  3722 | D:6      | Noticed Sigmund
  3729 | D:6      | Killed Sigmund
  3764 | D:5      | Bought a scroll of teleportation for 30 gold pieces
  3764 | D:5      | Bought a scroll of blinking for 75 gold pieces
  3764 | D:5      | Bought a scroll of magic mapping for 35 gold pieces
  3876 | D:6      | You fall through a shaft for 3 floors!
  4045 | D:9      | Found a staircase to the Orcish Mines.
  4175 | D:8      | Found a staircase to the Lair.
  4271 | D:7      | Reached skill level 5 in Invocations
  4383 | D:7      | Reached * piety under Ashenzari
  4457 | D:7      | Found a sacrificial altar of Ru.
  4538 | D:7      | Reached XP level 10. HP: 73/73 MP: 6/20
  4741 | D:8      | Found an iron altar of Okawaru.
  4759 | D:8      | Noticed Psyche
  4764 | D:8      | Killed Psyche
  4833 | D:8      | Noticed a two-headed ogre
  4843 | D:8      | Killed a two-headed ogre
  4843 | D:8      | Reached skill level 5 in Fighting
  4843 | D:8      | Reached skill level 5 in Short Blades
  4843 | D:8      | Reached skill level 5 in Long Blades
  4843 | D:8      | Reached skill level 5 in Axes
  4843 | D:8      | Reached skill level 5 in Maces & Flails
  4843 | D:8      | Reached skill level 5 in Polearms
  4843 | D:8      | Reached skill level 5 in Staves
  4843 | D:8      | Reached skill level 5 in Slings
  4843 | D:8      | Reached skill level 5 in Bows
  4843 | D:8      | Reached skill level 5 in Crossbows
  4843 | D:8      | Reached skill level 5 in Throwing
  4843 | D:8      | Reached skill level 5 in Armour
  4843 | D:8      | Reached skill level 5 in Shields
  4843 | D:8      | Reached skill level 5 in Unarmed Combat
  4843 | D:8      | Reached skill level 5 in Evocations
  4879 | D:8      | Noticed malin's ghost (novice HuMo)
  4890 | D:8      | Killed malin's ghost
  4979 | D:8      | Reached skill level 5 in Transmutations
  5026 | Lair:1   | Entered Level 1 of the Lair of Beasts
  5102 | Lair:1   | Noticed a spiny frog
  5112 | Lair:1   | Killed a spiny frog
  5121 | Lair:1   | Noticed a spiny frog
  5147 | Lair:1   | Killed a spiny frog
  5147 | Lair:1   | Reached XP level 11. HP: 81/81 MP: 22/22
  5255 | Lair:1   | Noticed a four-headed hydra
  5265 | Lair:1   | Killed a four-headed hydra
  5279 | Lair:1   | Reached skill level 5 in Conjurations
  5279 | Lair:1   | Reached skill level 5 in Hexes
  5279 | Lair:1   | Reached skill level 5 in Charms
  5279 | Lair:1   | Reached skill level 5 in Summonings
  5279 | Lair:1   | Reached skill level 5 in Necromancy
  5279 | Lair:1   | Reached skill level 5 in Translocations
  5279 | Lair:1   | Reached skill level 5 in Fire Magic
  5279 | Lair:1   | Reached skill level 5 in Ice Magic
  5279 | Lair:1   | Reached skill level 5 in Air Magic
  5279 | Lair:1   | Reached skill level 5 in Poison Magic
  6043 | Lair:2   | Reached ** piety under Ashenzari
  6130 | Lair:2   | Reached XP level 12. HP: 79/89 MP: 22/24
  6171 | Lair:2   | Found a bloodstained altar of Trog.
  6192 | Lair:2   | Found a staircase to the Snake Pit.
  7229 | Lair:3   | Learned a level 4 spell: Summon Ice Beast
  7261 | Lair:4   | Found a staircase to the Shoals.
  7328 | Lair:4   | Learned a level 3 spell: Regeneration
  7333 | Lair:4   | Found a dark tunnel.
  7364 | Lair:4   | Learned a level 2 spell: Shroud of Golubria
  7365 | Volcano  | Entered a volcano
  7413 | Volcano  | Found a radiant altar of Vehumet.
  7413 | Volcano  | Noticed a centaur warrior
  7422 | Volcano  | Noticed a hell knight
  7424 | Volcano  | Killed a centaur warrior
  7431 | Volcano  | Killed a hell knight
  7482 | Volcano  | Reached XP level 13. HP: 65/98 MP: 7/26
  8234 | Lair:5   | Reached *** piety under Ashenzari
  8319 | Lair:5   | Found a frozen archway.
  8396 | IceCv    | Entered an ice cave
  8930 | IceCv    | Noticed a frost giant
  8938 | IceCv    | Killed a frost giant
  8995 | IceCv    | Got the great mace of Doxtunlu {crush, *Corrode rElec rF+++ MR+}
  8996 | IceCv    | Identified the +4 great mace of Doxtunlu {crush, *Corrode rElec rF+++ MR+} (You found it in an ice cave)
  9256 | Lair:5   | Found a staircase to the Slime Pits.
  9706 | Lair:6   | Entered Level 6 of the Lair of Beasts
  9775 | Lair:6   | Noticed dscm's ghost (journeyman OpNe)
  9803 | Lair:5   | Reached skill level 10 in Spellcasting
  9868 | Lair:6   | Reached XP level 14. HP: 106/106 MP: 0/28
  9868 | Lair:6   | Killed dscm's ghost
 10139 | Lair:6   | Reached skill level 10 in Dodging
 10232 | Lair:6   | Identified 2 scrolls of acquirement
 10240 | Lair:6   | Learned a level 5 spell: Bolt of Magma
 10295 | Lair:6   | Found a runed door.
 10596 | Lair:6   | Noticed Rupert
 10611 | Lair:6   | Killed Rupert
 10611 | Lair:6   | Reached skill level 10 in Stealth
 10768 | Lair:6   | Reached skill level 10 in Invocations
 11654 | Lair:1   | Learned a level 5 spell: Summon Mana Viper
 11718 | Orc:1    | Entered Level 1 of the Orcish Mines
 11735 | Orc:1    | Noticed Fannar
 11804 | Orc:1    | Killed Fannar
 11856 | Orc:2    | Entered Level 2 of the Orcish Mines
 11863 | Orc:2    | Found a staircase to the Elven Halls.
 11876 | Orc:1    | Found Eguu's Antique Weapon Shop.
 12425 | Orc:2    | Noticed a stone giant
 12573 | Orc:2    | Killed a stone giant
 12673 | Orc:2    | Reached **** piety under Ashenzari
 12873 | Orc:2    | Reached XP level 15. HP: 114/114 MP: 10/29
 13070 | Orc:2    | Found Girphoucw's Book Boutique.
 13070 | Orc:2    | Found Egyda's Armour Shoppe.
 13074 | Orc:2    | Found Lihopux's Book Emporium.
 13076 | Orc:2    | Found Qaluc's Food Shop.
 13144 | Orc:2    | Bought a book of Minor Magic for 220 gold pieces
 13147 | Orc:2    | Bought a book of the Sky for 1105 gold pieces
 13207 | Orc:1    | Bought an ancient mace for 264 gold pieces
 13248 | Orc:2    | Bought a book of Cantrips for 220 gold pieces
 13270 | Orc:2    | Identified the +6 mace of Ziete {chaos, Str+4 Int+4} (You bought it in a shop on level 1 of the Orcish Mines)
 13302 | Elf:1    | Entered Level 1 of the Elven Halls
 13913 | Elf:1    | Reached skill level 10 in Earth Magic
 13991 | Elf:1    | Reached skill level 10 in Fighting
 13991 | Elf:1    | Reached skill level 10 in Short Blades
 13991 | Elf:1    | Reached skill level 10 in Long Blades
 13991 | Elf:1    | Reached skill level 10 in Axes
 13991 | Elf:1    | Reached skill level 10 in Maces & Flails
 13991 | Elf:1    | Reached skill level 10 in Polearms
 13991 | Elf:1    | Reached skill level 10 in Staves
 13991 | Elf:1    | Reached skill level 10 in Slings
 13991 | Elf:1    | Reached skill level 10 in Bows
 13991 | Elf:1    | Reached skill level 10 in Crossbows
 13991 | Elf:1    | Reached skill level 10 in Throwing
 13991 | Elf:1    | Reached skill level 10 in Armour
 13991 | Elf:1    | Reached skill level 10 in Shields
 13991 | Elf:1    | Reached skill level 10 in Unarmed Combat
 13991 | Elf:1    | Reached skill level 10 in Evocations
 14523 | Elf:2    | Noticed a deep elf sorcerer
 14929 | Elf:2    | Found Megaf's Jewellery Shoppe.
 15027 | Elf:2    | Reached XP level 16. HP: 103/123 MP: 3/31
 15380 | Elf:2    | Learned a level 4 spell: Summon Lightning Spire
 15412 | Elf:3    | Entered Level 3 of the Elven Halls
 15967 | Orc:2    | Bought a book of Necromancy for 330 gold pieces
 15973 | Orc:2    | Learned a level 5 spell: Borgnjor's Vile Clutch
 16225 | Elf:3    | Noticed a deep elf blademaster
 16346 | Elf:3    | Noticed a deep elf blademaster
 16389 | Elf:3    | Killed a deep elf blademaster
 16569 | Elf:3    | Identified the ring "Saxesm" {*Tele +Inv Int+2 Stlth+} (You took it off a deep elf elementalist on level 3 of the Elven Halls)
 16655 | Elf:3    | Killed a deep elf blademaster
 16729 | Elf:3    | Noticed a deep elf blademaster
 16875 | Elf:3    | Noticed a Tzitzimitl
 17042 | Elf:3    | Killed a deep elf blademaster
 17043 | Elf:3    | Reached XP level 17. HP: 131/131 MP: 3/33
 17281 | Elf:3    | HP: 4/131 [acid (16)]
 17502 | Elf:3    | Noticed a deep elf master archer
 17503 | Elf:3    | Killed a deep elf master archer
 17582 | Elf:3    | Noticed an Executioner
 17588 | Elf:3    | Noticed a Tzitzimitl
 17782 | Elf:3    | Noticed TheNamelessOne's ghost (adept DsFi)
 17851 | Elf:3    | Killed TheNamelessOne's ghost
 18155 | Elf:3    | Identified the ring "Wasol" {MP+9 Str+4} (You took it off a deep elf annihilator on level 3 of the Elven Halls)
 18186 | Elf:3    | Noticed a deep elf master archer
 18186 | Elf:3    | Reached skill level 10 in Transmutations
 18196 | Elf:3    | Shot with an arrow by a deep elf master archer

Skill      XL: |  1  2  3  4  5  6  7  8  9 10 11 12 13 14 15 16 17 |
---------------+----------------------------------------------------+-----
Transmutations | 2 3 4 5 6 7 8 9 10 | 10.0
Spellcasting   | 5 6 7 8 9 10 11 12 | 12.3
Invocations    | 1 2 3 4 5 6 7 8 9 10 11 12 | 12.3
Fighting       | 1 2 3 4 5 6 7 8 9 10 11 | 11.4
Short Blades   | 1 2 3 4 5 6 7 8 9 10 11 | 11.4
Long Blades    | 1 2 3 4 5 6 7 8 9 10 11 | 11.4
Axes           | 1 2 3 4 5 6 7 8 9 10 11 | 11.4
Maces & Flails | 1 2 3 4 5 6 7 8 9 10 11 | 11.4
Polearms       | 1 2 3 4 5 6 7 8 9 10 11 | 11.4
Staves         | 1 2 3 4 5 6 7 8 9 10 11 | 11.4
Slings         | 1 2 3 4 5 6 7 8 9 10 11 | 11.4
Bows           | 1 2 3 4 5 6 7 8 9 10 11 | 11.4
Crossbows      | 1 2 3 4 5 6 7 8 9 10 11 | 11.4
Throwing       | 1 2 3 4 5 6 7 8 9 10 11 | 11.4
Armour         | 1 2 3 4 5 6 7 8 9 10 11 | 11.4
Shields        | 1 2 3 4 5 6 7 8 9 10 11 | 11.4
Unarmed Combat | 1 2 3 4 5 6 7 8 9 10 11 | 11.4
Evocations     | 1 2 3 4 5 6 7 8 9 10 11 | 11.4
Conjurations   | 1 2 3 4 5 6 7 8 9 |  9.7
Hexes          | 1 2 3 4 5 6 7 8 9 |  9.7
Charms         | 1 2 3 4 5 6 7 8 9 |  9.7
Summonings     | 1 2 3 4 5 6 7 8 9 |  9.7
Necromancy     | 1 2 3 4 5 6 7 8 9 |  9.7
Translocations | 1 2 3 4 5 6 7 8 9 |  9.7
Fire Magic     | 1 2 3 4 5 6 7 8 9 |  9.7
Ice Magic      | 1 2 3 4 5 6 7 8 9 |  9.7
Air Magic      | 1 2 3 4 5 6 7 8 9 |  9.7
Poison Magic   | 1 2 3 4 5 6 7 8 9 |  9.7
Dodging        | 5 6 7 8 9 10 11 12 | 12.2
Stealth        | 5 6 7 8 9 10 11 12 | 12.0
Earth Magic    | 6 7 8 9 10 11 | 11.0

Action                   |  1- 3 |  4- 6 |  7- 9 | 10-12 | 13-15 | 16-18 || total
-------------------------+-------+-------+-------+-------+-------+-------++-------
Melee: Unarmed           |    14 |       |       |       |       |       ||    14
       Bite              |     2 |    10 |     8 |    25 |    66 |    11 ||   122
       Dagger            |    18 |   104 |   114 |   227 |    71 |       ||   534
       Punch             |       |     1 |       |     5 |     2 |       ||     8
       Short sword       |       |       |     5 |       |   385 |       ||   390
       Glaive            |       |       |       |     8 |     1 |       ||     9
       Great mace        |       |       |       |       |    26 |       ||    26
       Mace              |       |       |       |       |    27 |    41 ||    68
       Rapier            |       |       |       |       |     5 |    57 ||    62
 Fire: Hunting sling     |       |     6 |     8 |    14 |   264 |    87 ||   379
       Blowgun           |       |       |       |    17 |    47 |    10 ||    74
       Shortbow          |       |       |       |       |    61 |       ||    61
Throw: Tomahawk          |       |       |       |     2 |       |     2 ||     4
 Cast: Sandblast         |    31 |    39 |    61 |    89 |   161 |    27 ||   408
       Passwall          |     5 |    18 |    48 |    35 |    97 |    47 ||   250
       Stone Arrow       |       |    16 |    25 |    21 |    45 |     5 ||   112
       Petrify           |       |     6 |    16 |    56 |   118 |     4 ||   200
       Lee's Rapid Decon |       |       |    10 |    16 |    89 |    34 ||   149
       Summon Ice Beast  |       |       |       |     4 |    14 |     2 ||    20
       Regeneration      |       |       |       |       |    21 |    19 ||    40
       Shroud of Golubri |       |       |       |       |     2 |       ||     2
       Bolt of Magma     |       |       |       |       |     3 |       ||     3
       Borgnjor's Vile C |       |       |       |       |       |    48 ||    48
       Summon Lightning  |       |       |       |       |       |    34 ||    34
       Summon Mana Viper |       |       |       |       |       |    14 ||    14
Invok: Curse Item        |       |       |       |       |     1 |       ||     1
Evoke: Wand              |       |       |     2 |    23 |    50 |    24 ||    99
  Use: Scroll            |     6 |     6 |     6 |     5 |    13 |     6 ||    42
       Potion            |       |       |       |       |     5 |     6 ||    11
 Stab: Sleeping          |    11 |     2 |     6 |    12 |    14 |     3 ||    48
       Petrified         |       |    10 |    21 |    67 |   104 |       ||   202
       Petrifying        |       |       |     3 |    10 |    27 |       ||    40
       Paralysed         |       |       |       |     3 |     4 |       ||     7
       Distracted        |       |       |       |       |     2 |     1 ||     3
       Confused          |       |       |       |       |     1 |     1 ||     2
  Eat: Chunk             |       |     5 |    10 |    15 |    34 |    18 ||    82
       Ration            |       |       |     1 |       |     1 |     1 ||     3
Armor: Robe              |     6 |    20 |    14 |     6 |       |       ||    46
       Leather armour    |       |       |       |    20 |    33 |       ||    53
       Scale mail        |       |       |       |       |    14 |       ||    14
       Swamp dragon scal |       |       |       |       |    20 |    33 ||    53
Dodge: Dodged            |    33 |   118 |    94 |   199 |   370 |    64 ||   878
Block: Other             |       |       |    12 |    24 |    27 |       ||    63
       Reflection        |       |       |       |     1 |    50 |    13 ||    64
       Shield            |       |       |       |       |   336 |    88 ||   424
